 Dungeon Crawl Stone Soup version 0.31-a0-1074-g0b22e4e0f1 (webtiles) character file.

Game seed: 4229679360776861850

91 lunkers the Ruffian (level 5, -2/40 HPs)
             Began as a Meteoran Shapeshifter on Dec 4, 2023.
             Slain by a goblin
             ... wielding a +1 spear of venom
              (5 damage)
             ... on level 3 of the Dungeon.
             The game lasted 00:04:19 (888 turns).

lunkers the Ruffian (Meteoran Shapeshifter)          Turns: 888, Time: 00:04:20

Health: -2/40      AC:  2    Str: 18    XL:     5   Next: 13%
Magic:  6/6        EV: 12    Int: 11    God:
Gold:   122        SH:  0    Dex: 13    Spells: 4/4 levels left

rFire   . .          .
                       - Unarmed
rCold   . . .        (no shield)
rNeg    . . .        a - +0 animal skin
rPois   .            (helmet currently unavailable)
rElec   .            (cloak currently unavailable)
rCorr   .            (gloves currently unavailable)
SInv    .            (boots currently unavailable)
Will    .....        (no amulet)
Stlth   +            (no ring)
HPRegen 0.26/turn    (no ring)
MPRegen 0.10/turn

%: no passive effects
@: lethally poisoned (-2 -> -10), beast-form, glowing
A: beast (slay +2), sense surroundings 1, otherworldly, glowing, explore regen
a: Begin Untransformation


You were on level 3 of the Dungeon.
You were a hulking beast.
You visited 1 branch of the dungeon, and saw 3 of its levels.

You collected 122 gold pieces.

Inventory:

Armour
 a - a +0 animal skin (worn)
 f - a +0 cloak
 m - a +0 pair of boots
Talismans
 c - a beast talisman
 d - a flux talisman
Scrolls
 e - 2 scrolls of fear {unknown}
 i - 2 scrolls of identify {unknown}
 j - a scroll of noise {unknown}
 k - a scroll of blinking {unknown}
 n - 2 scrolls of summoning {unknown}
Potions
 b - a potion of lignification
 g - 2 potions of invisibility {unknown}
 h - a potion of enlightenment {unknown}
 l - a potion of heal wounds {unknown}


   Skills:
 - Level 1.1 Fighting
 - Level 2.1 Dodging
 * Level 5.5 Unarmed Combat
 + Level 4.5 Shapeshifting


You had 4 spell levels left.
You didn't know any spells.
Your spell library was empty.

Dungeon Overview and Level Annotations

Branches:
Dungeon (3/15) Zot: 921

Altars:

Shops:
D:1 *


Innate Abilities, Weirdness & Mutations

You are a hulking beast.
Your limbs bulge with bestial killing power. (Slay +2)
You passively map a small area around you.
You are easily found by Zot.
You glow in the dark.
You regain HP and MP as you explore.


Message History

A goblin comes into view. It is wielding a +1 spear of venom.
A goblin is nearby!
The goblin shouts!
You cannot move.
The goblin hits you from afar with a +1 spear of venom.
* * * LOW HITPOINT WARNING * * *
A goblin is nearby!
The goblin hits you but does no damage. The goblin completely misses you.
The goblin hits you but does no damage. The goblin hits you but does no damage.
You are poisoned.
A goblin is nearby!
You feel sick. The goblin hits you but does no damage.
You feel sick. The goblin hits you but does no damage.
Your transformation is almost over.
You feel sick. The goblin hits you but does no damage.
You feel sick. The goblin hits you but does no damage.
You feel sick.
You are no longer poisoned.
The goblin hits you but does no damage.
You cannot move.
The goblin hits you but does no damage. The goblin hits you but does no damage.
You are poisoned.
You feel sick. The goblin hits you but does no damage.
You feel sick. The goblin hits you but does no damage.
You feel sick. The goblin hits you but does no damage.
You feel sick. The goblin hits you but does no damage.
You are lethally poisoned!
You feel less wooden.
Your +0 animal skin unmelds from your body.
You turn into a hulking beast.
* * * LOW HITPOINT WARNING * * *
You feel very sick. The goblin barely misses you.
* * * LOW HITPOINT WARNING * * *
You feel sick.
The goblin hits you with a +1 spear of venom.
You die...

, ,,
#######.###...#.##### #
, #...............####
, ..#................#
* , #..⌠...##.#......#
#......#..#....>....
.......#..##.........
,, ,
..####.##.###)........,
,,.. #.#..# #.........
.#####h#.## ..#.......
......g...#, ####...#.
#.........#,, * , ,
..........#, ,, , *
.........#.,, , ,
#).......#.#, , , * *
#........#.# ,
#........#.# ,
........# , , **


You could see a goblin.

Vanquished Creatures
  An iguana (D:3)
  An adder (D:3)
  2 worms
  A dart slug (D:1)
  An orc (D:2)
  4 bats
  3 endoplasms (D:2)
  A giant cockroach (D:1)
  7 goblins
  6 hobgoblins
  3 quokkas
  3 ball pythons
  4 frilled lizards
  4 kobolds
  5 rats
46 creatures vanquished.

Notes
Turn   | Place    | Note
-------+----------+-------------------------------------------
     0 | D:1      | lunkers the Meteoran Shapeshifter began the quest for the
                  | Orb.
     0 | D:1      | Reached XP level 1. HP: 16/16 MP: 2/2
    59 | D:1      | Reached XP level 2. HP: 22/23 MP: 3/3
    65 | D:1      | Reached skill level 4 in Unarmed Combat
   111 | D:1      | Found Jyunkuno's Assorted Antiques.
   285 | D:1      | Reached XP level 3. HP: 26/28 MP: 4/4
   676 | D:2      | Reached XP level 4. HP: 34/35 MP: 5/5
   771 | D:3      | Reached skill level 5 in Unarmed Combat
   858 | D:3      | Reached XP level 5. HP: 19/40 MP: 6/6
   888 | D:3      | Slain by a goblin

Illustrated notes

Levels and vault maps discovered:
D:1:      dpeg_arrival_stonehenge_8_columns, layout_loops_ring, serial_shops,
          shop
D:2:      layout_loops_ring, grunt_decor_clamped
D:3:      layout_rooms, nicolae_sif_muna_little_library,
          ebering_ecumenical_altar_box, minmay_misc_feat_roman,
          hangedman_decor_clover_reticule, solitary_fountain,
          minmay_goblin_outpost

Skill      XL: |  1  2  3  4 |
---------------+-------------+-----
Unarmed Combat | 4 5 |  5.5
Shapeshifting  | 4 |  4.5
Fighting       | |  1.1
Dodging        | |  2.1

Action                     |  1- 3 |  4- 6 || total
---------------------------+-------+-------++-------
  Melee: Unarmed           |    84 |    36 ||   120
         Punch             |     4 |     1 ||     5
    Use: Potion            |       |     1 ||     1
 Armour: Animal skin       |    39 |    23 ||    62
         Skin              |       |    19 ||    19
  Dodge: Dodged            |    53 |    30 ||    83

Table legend: (Time is in decaauts)
 A = Elapsed time spent in this place.
 B = Non-inter-level travel time spent in this place.
 C = Inter-level travel time spent in this place.
 D = Time resting spent in this place.
 E = Time spent auto-exploring this place.
 F = Levels seen in this place.
 G = Mean time per level.
                   A        B        C        D        E       F      G
               +--------+--------+--------+--------+--------+-----+--------+
         Total |    877 |    854 |     23 |      6 |    492 |   3 |  292.3 |
       Dungeon |    877 |    854 |     23 |      6 |    492 |   3 |  292.3 |
               +--------+--------+--------+--------+--------+-----+--------+

Top non-repeatable levels by time:
     D:2: 405 daAuts
     D:1: 309 daAuts
     D:3: 163 daAuts
